 Dungeon Crawl Stone Soup version 0.23.2-40-g277498a001 (webtiles) character file.

Game seed: 3295809401398422675

519304 Jerry the Shatterer (level 24, -19/253 HPs)
             Began as a Troll Berserker on Aug 13, 2019.
             Was the Champion of Trog.
             Demolished by an ettin
             ... wielding a +0 dire flail
              (33 damage)
             ... on level 5 of the Vaults on Aug 22, 2019.
             The game lasted 05:43:06 (60273 turns).

Jerry the Shatterer (Troll Berserker)              Turns: 60273, Time: 05:43:07

Health: -19/253    AC: 34    Str: 34    XL:     24   Next: 59%
Magic:  19/19      EV: 21    Int: 13    God:    Trog [******]
Gold:   4881       SH:  0    Dex: 22    Spells: 23/23 levels left

rFire    + + .     SeeInvis +   q - +7 giant spiked club of Cruel Justice {flame, rF+ Int+3 Dex+7}
rCold    + + .     Gourm    +   (shield currently unavailable)
rNeg     + . .     Faith    .   T - +1 gold dragon scales
rPois    +         Spirit   .   g - +3 crown of Dyrovepreva {rElec Int+2 SInv}
rElec    +         Reflect  .   w - +2 cloak {rC+}
rCorr    +         Harm     .   (gloves unavailable)
MR       +....                  (boots unavailable)
Stlth    ..........             E - amulet of regeneration
HPRegen  1.32/turn              a - +5 ring of evasion
MPRegen  0.16/turn              X - ring of Yreo {rCorr rN+ Dex+5}

@: about to teleport, marked
A: large, unfitting armour, claws 3, fast metabolism 3, gourmand, low mp 1,
regeneration 1, shaggy fur 1, tough skin 3
}: 2/15 runes: decaying, gossamer
a: Berserk, Trog's Hand, Brothers in Arms, Renounce Religion


You were on level 5 of the Vaults.
You worshipped Trog.
Trog was exalted by your worship.
You were completely stuffed.

You visited 8 branches of the dungeon, and saw 44 of its levels.
You visited the Abyss 1 time.
You also visited: Trove, Ice Cave and Volcano.

You collected 5769 gold pieces.
You spent 888 gold pieces at shops.

Inventory:

Hand Weapons
 q - the +7 giant spiked club of Cruel Justice (weapon) {flame, rF+ Int+3 Dex+7}
   (Trog gifted it to you on level 4 of the Depths)

   It has been specially enchanted to burn those struck by it, causing extra
   injury to most foes and up to half again as much damage against particularly
   susceptible opponents.
   It affects your intelligence (+3).
   It affects your dexterity (+7).
   It protects you from fire.
Missiles
 F - 77 large rocks (quivered)
Armour
 g - the +3 crown of Dyrovepreva (worn) {rElec Int+2 SInv}
   (You bought it in a shop on level 2 of the Orcish Mines)

   It affects your intelligence (+2).
   It insulates you from electricity.
   It lets you see invisible.
 w - a +2 cloak of cold resistance (worn)
 T - +1 gold dragon scales (worn)
Jewellery
 a - a +5 ring of evasion (left claw)
 i - the ring "Soka" {rC+ MR+}
   (You found it in a treasure trove)

   [ring of protection from magic]

   It protects you from cold.
   It affects your resistance to hostile enchantments.
 s - the ring of Doxineib {Wiz rF+ Int+4 Dex-2}
   (You found it on level 2 of the Vaults)

   [ring of wizardry]

   It improves your spell success rate.
   It affects your intelligence (+4).
   It affects your dexterity (-2).
   It protects you from fire.
 E - an amulet of regeneration (around neck)
 N - the ring "Ohijut" {rPois rC+++ MR+ Str-3 Int+2}
   (You found it in a treasure trove)

   [ring of protection from magic]

   It affects your strength (-3).
   It affects your intelligence (+2).
   It renders you almost immune to cold.
   It protects you from poison.
   It affects your resistance to hostile enchantments.
 X - the ring of Yreo (right claw) {rCorr rN+ Dex+5}
   (You found it in a treasure trove)

   [ring of resist corrosion]

   It affects your dexterity (+5).
   It protects you from negative energy.
Wands
 e - a wand of acid (22)
 o - a wand of polymorph (11)
 u - a wand of iceblast (96)
 B - a wand of digging (17)
 D - a wand of flame (10)
 G - a wand of enslavement (32)
 J - a wand of clouds (21)
 W - a wand of scattershot (12)
Scrolls
 d - a scroll of silence
 j - 10 scrolls of teleportation
 k - 5 scrolls of identify
 n - 23 scrolls of remove curse
 p - a scroll of summoning
 v - 7 scrolls of magic mapping
 x - 8 scrolls of fog
 y - 5 scrolls of blinking
 L - 6 scrolls of fear
Potions
 b - 2 potions of brilliance
 h - 5 potions of heal wounds
 l - 7 potions of mutation
 m - a potion of cancellation
 r - 10 potions of curing
 t - 9 potions of flight
 z - 4 potions of ambrosia
 K - 2 potions of haste
 O - 3 potions of resistance
 P - 4 potions of might
 R - a potion of agility
Comestibles
 c - 62 rations
 f - 16 chunks of flesh


   Skills:
 + Level 17.2 Fighting
 - Level 22.2 Maces & Flails
 - Level 5.2 Throwing
 + Level 18.9 Armour
 - Level 15.5 Dodging
 + Level 6.2 Stealth


You had 23 spell levels left.
You didn't know any spells.
Your spell library was empty.

Dungeon Overview and Level Annotations

Branches:
Dungeon (15/15)            Temple (0/1) D:6            Lair (6/6) D:11
  Swamp (4/4) Lair:3       Spider (4/4) Lair:3        Slime (0/5) Lair:6
    Orc (2/2) D:9             Elf (0/3) Orc:2        Vaults (5/5) D:14
  Crypt (3/3) Vaults:3       Tomb (0/3) Crypt:3      Depths (5/5) D:15
    Zot (0/5) Depths:5

Altars:
Ashenzari
Cheibriados
Gozag
Kikubaaqudgha
Nemelex Xobeh
Qazlal
Uskayaw
Wu Jian
Xom
Yredelemnul
Zin
The Shining One
Jiyva
Lugonu

Shops:
D:4 ?   D:11 *   D:14 !   Orc:1 }   Orc:2 [[![   Vaults:1 *   Depths:4 (

Portals:
Hell: Depths:1 Depths:2 Depths:3 Depths:4 Depths:5
Abyss: Depths:3 Depths:4
Pandemonium: Depths:3
Ziggurat: Depths:2

Annotations:
D:6 1 runed translucent door, ANON1729's ghost, amateur DsMo


Innate Abilities, Weirdness & Mutations

You are too large for most types of armour.
You have claws for hands.
Your metabolism is lightning-fast.
You like to eat raw meat.
Your natural rate of healing is unusually fast.
You are covered in fur. (AC +1)
You have extremely tough skin. (AC +3)
Your magical capacity is low. (-10% MP)


Message History

The storm dragon tramples you but does no damage.
The deep elf demonologist mumbles some strange words.
The yaktaur captain hits you.
* * * LOW HITPOINT WARNING * * *
The vault guard hits you but does no damage.
Okay, then.
As you read the scroll of teleportation, it crumbles to dust.
You feel strangely unstable.
The death knight's dark mirror aura disappears.
The tarantella bites you but does no damage.
The deep elf demonologist casts a spell.
The vault warden hits you with a +3 war axe of chopping!
* * * LOW HITPOINT WARNING * * *
x2 The storm dragon bites you but does no damage.
The storm dragon claws you but does no damage.
The storm dragon barely misses you. The stone giant hits you.
* * * LOW HITPOINT WARNING * * *
The ettin hits you but does no damage.
The ettin hits you with a +0 dire flail!!
You die...

..........#.........,,**,,,,*,,*,
,.........'........,,***,,,,*,,*,
*#?.....'###+.....,*** *,,,,*,,*,
####...#...#...#*** *,,,,*,,*,
##'##...##'## *,,,,*,,*,
####().#).(#.c4#### *,,,,*,,*,
##(....)+###'ecpp.!### *,,,,*,,*,
........).+.)s3ceC...##*,,,,*,,*,
..........#3.42C@DC.(.#*,,,,*,,*,
...รท()...###..4ppsp...#*,,,,*,,*,
.).))....# #.....pp...#*,,,,*,,,,
..)......# #..........#*,,,,*,,,,
.......)## ##).......#'#,,,,*,,**
##....### ###....###,#,,,,*,,,,
.+##### #####+,,,,,,,,,,,,,
##*****************#**,,,,,,,,***
.....,,,,,,,,,,,,,,,,,,,,,,,,,,,,


You could see an ironheart preserver, a storm dragon, a stone giant, a vault
warden, a death knight, 2 yaktaur captains, 4 vault guards, a green death, 2
ettins, a wolf spider, 2 deep elf demonologists, a yaktaur, an ice devil, a rust
devil, a smoke demon, a ynoxinul, a chaos spawn and a tarantella.

Vanquished Creatures
  3 juggernauts (Depths:5)
  Mennas (Vaults:4)
  Sojobo (Vaults:3)
  Margery (Crypt:3)
  6 golden dragons
  A profane servitor (Crypt:3)
  Arachne (Spider:3)
  4 liches
  2 bone dragons
  A shard shrike zombie (Crypt:1)
  5 tentacled monstrosities
  2 titans
  3 tentacled starspawn
  Agnes (Spider:4)
  5 sphinxes
  3 shadow dragons
  7 ancient champions
  4 thorn hunters
  2 storm dragons (Vaults:5)
  8 tengu reavers
  Donald (Spider:2)
  3 revenants
  7 fire giants
  An iron dragon (Depths:2)
  3 deep elf sorcerers
  6 frost giants
  2 deep elf elementalists (Vaults:5)
  5 emperor scorpions
  4 ghost moths
  16 vault wardens
  3 curse skulls
  11 ghouls
  6 very ugly things
  2 draconian annihilators (Depths:5)
  2 spriggan defenders
  2 war gargoyles (Vaults:5)
  8 stone giants
  16 ironheart preservers
  A juggernaut skeleton (Crypt:2)
  Nessos (D:14)
  7 vampire knights
  A starcursed mass (Abyss:3)
  4 entropy weavers
  A deep elf demonologist (Depths:3)
  A white draconian (Depths:5)
  A lorocyproca (Abyss:4)
  2 deep elf annihilators (Vaults:5)
  2 purple draconians (Depths:5)
  2 red draconians (Depths:5)
  7 spark wasps
  A black draconian (Depths:5)
  A green death (Abyss:4)
  7 deep elf death magi
  4 eidola
  A merfolk javelineer (Depths:3)
  18 ettins
  3 merfolk impalers (Depths:3)
  A crystal guardian (Vaults:3)
  21 jiangshi
  6 yaktaur captains
  3 deep elf high priests
  15 fire dragons
  13 great orbs of eyes
  8 ice dragons
  7 rakshasas
  5 ghost crabs
  A hydra (shapeshifter) (Vaults:3)
  3 catoblepae
  2 spriggan air magi
  19 hydras
  2 shambling mangroves (Swamp:4)
  16 centaur warriors
  Erica (D:9)
  21 vault guards
  16 ogre magi
  9 alligators
  16 vampire magi
  4 orc high priests
  44 two-headed ogres
  2 death yaks (Lair:6)
  6 deep troll earth magi
  4 hell hogs (Abyss:4)
  7 tengu warriors
  6 deep troll shamans
  5 spriggan berserkers
  2 thrashing horrors (Abyss:4)
  Urug (D:11)
  A storm dragon zombie (Vaults:5)
  6 hell knights
  4 deep elf knights
  A wretched star (Abyss:4)
  3 soul eaters
  A titan skeleton (Crypt:1)
  8 shadow wraiths
  A storm dragon skeleton (Vaults:3)
  34 skeletal warriors
  2 iron trolls
  20 deep trolls
  A spatial maelstrom (Abyss:3)
  A spriggan druid (Swamp:1)
  4 unseen horrors
  2 glowing orange brains
  9 swamp dragons
  13 ironbrand convokers
  7 flayed ghosts
  A wizard (Vaults:1)
  2 lindwurms (Lair:6)
  An anaconda zombie (Crypt:1)
  9 deep elf archers
  4 harpies
  A harpy (shapeshifter) (Depths:2)
  A lindwurm (shapeshifter) (Depths:5)
  9 orc knights
  23 ugly things
  13 orb spiders
  6 phantasmal warriors
  3 stone giant zombies
  8 necromancers
  3 manticores
  A faun (shapeshifter) (Vaults:3)
  8 cyclopes
  A fire giant zombie (Crypt:2)
  16 deep elf magi
  2 orc sorcerers (Orc:2)
  A stone giant skeleton (Crypt:1)
  7 large abominations
  A moth of wrath (shapeshifter) (Vaults:2)
  30 wolf spiders
  A fire giant skeleton (Crypt:3)
  2 moths of wrath
  8 elephants (Lair:6)
  2 dire elephant zombies
  An elephant (shapeshifter) (Depths:2)
  A guardian serpent (shapeshifter) (Vaults:2)
  2 rust devils (Depths:3)
  Joseph (D:7)
  22 vault sentinels
  An ice statue (IceCv)
  7 torpor snails
  An eye of devastation (shapeshifter) (Depths:5)
  9 black mambas
  A smoke demon (Depths:2)
  17 spiny frogs
  2 molten gargoyles (Lair:3)
  5 centaur skeletons
  A swamp worm zombie (Crypt:2)
  5 gargoyles
  2 orange demons
  59 yaktaurs
  A rime drake (shapeshifter) (Vaults:4)
  11 demonic crawlers
  2 shock serpent skeletons
  A dire elephant skeleton (Crypt:1)
  2 efreet
  A hellion (Depths:3)
  3 ancient zymes (Abyss:4)
  5 komodo dragons
  4 guardian mummies
  16 freezing wraiths
  2 ice devils (Orc:1)
  A tormentor (Abyss:3)
  6 tengu conjurers
  2 human skeletons (Vaults:5)
  A hellwing (Depths:2)
  A death yak skeleton (Crypt:1)
  A harpy zombie (Crypt:1)
  21 jumping spiders
  8 trolls
  A meliai (shapeshifter) (Depths:2)
  A green draconian skeleton (Crypt:1)
  2 red devils
  2 wind drakes (shapeshifter)
  A queen bee (D:8)
  A troll (shapeshifter) (Vaults:2)
  A polar bear (shapeshifter) (Depths:4)
  A queen bee (shapeshifter) (Vaults:4)
  A meliai (D:15)
  2 polar bears
  24 hornets
  A raiju (shapeshifter) (Vaults:3)
  2 harpy skeletons
  8 dream sheep (Lair:6)
  17 tyrant leeches
  2 bog bodies
  21 blink frogs
  A blink frog (shapeshifter) (Vaults:5)
  26 slime creatures
  7 hippogriffs
  9 flying skulls
  20 tarantellas
  Sigmund (D:6)
  57 redbacks
  3 vampires
  An ettin skeleton (Crypt:1)
  3 shadows
  10 wyverns
  A hog (shapeshifter) (Vaults:4)
  5 water elementals
  30 yaks
  A yak (shapeshifter) (Depths:3)
  2 wraiths
  2 basilisks
  2 neqoxecs
  4 fire bats (Depths:2)
  A hungry ghost (D:14)
  A wind drake skeleton (Crypt:3)
  A steam dragon (D:14)
  2 chaos spawn (Abyss:4)
  14 vampire mosquitoes
  A yaktaur simulacrum (Vaults:2)
  A swamp worm (shapeshifter) (Vaults:4)
  17 swamp worms
  11 insubstantial wisps (Swamp:3)
  2 deep troll zombies (Crypt:3)
  6 wargs
  7 water moccasins
  A merfolk zombie (Crypt:1)
  19 soldier ants
  An acid dragon (Vaults:1)
  A glowing shapeshifter zombie (Crypt:3)
  A hell hound (Depths:2)
  16 swamp drakes
  4 black bears
  A water nymph skeleton (Crypt:1)
  7 porcupines
  An ettin simulacrum (Vaults:3)
  4 sky beasts
  A torturous demonspawn skeleton (Crypt:3)
  An elephant zombie (Crypt:2)
  9 ice beasts
  31 orc warriors
  A manticore zombie (Crypt:3)
  A human zombie (Vaults:5)
  An eye of draining (shapeshifter) (Vaults:5)
  A necrophage (Crypt:2)
  36 ogres
  6 phantoms
  3 boggarts (Depths:2)
  14 centaurs
  6 wolves
  12 crocodiles
  2 blink frog skeletons (Crypt:2)
  A snapping turtle skeleton (Crypt:3)
  2 small abominations
  A big kobold (D:10)
  15 bullfrogs
  4 earth elementals
  A wyvern zombie (D:14)
  A wyvern skeleton (D:14)
  An elf skeleton (Crypt:1)
  5 scorpions
  A shapeshifter zombie (Crypt:2)
  2 elephant simulacra (IceCv)
  4 human simulacra
  An elf simulacrum (Vaults:1)
  26 killer bees
  A troll skeleton (Volcano)
  2 spriggan skeletons (Volcano)
  15 wights
  4 electric eels
  8 howler monkeys
  8 crimson imps
  5 lava snakes (Lair:3)
  A quasit (Abyss:3)
  36 orc priests
  2 centaur zombies
  6 hounds
  4 bullfrog zombies
  4 draconian simulacra (IceCv)
  A jelly (D:11)
  2 bullfrog skeletons
  A wyvern simulacrum (D:14)
  An iron imp (Depths:3)
  25 worker ants
  Natasha (thrice) (D:3)
  An iguana (D:7)
  30 orc wizards
  A polar bear simulacrum (IceCv)
  Ijyb (D:3)
  4 troll simulacra (IceCv)
  A spriggan simulacrum (IceCv)
  A wolf simulacrum (IceCv)
  A centaur simulacrum (IceCv)
  A naga zombie (Crypt:1)
  2 hound zombies
  A howler monkey zombie (Crypt:1)
  15 adders
  A gnoll (D:1)
  2 howler monkey skeletons
  5 naga simulacra (IceCv)
  3 ogre simulacra (IceCv)
  5 shadow imps
  9 white imps
  An ufetubus (Depths:2)
  An ooze (D:4)
  3 worms
  A dart slug (D:3)
  12 leopard geckos
  113 orcs
  A ball python (D:1)
  6 giant cockroaches
  5 goblins
  A hobgoblin (shapeshifter) (Depths:4)
  9 hobgoblins
  8 jackals
  8 kobolds
  7 quokkas
  8 bats
  8 frilled lizards
  A frilled lizard skeleton (Crypt:2)
  3 rats
  4 briar patches (Swamp:2)
  A plant (Lair:6)
1995 creatures vanquished.

Vanquished Creatures (collateral kills)
  Mara (Spider:3)
  Bai Suzhen (Spider:3)
  A golden dragon (Depths:4)
  2 liches (Depths:4)
  Rupert (Lair:4)
  Jorgrun (D:12)
  A frost giant (Vaults:3)
  Louise (Swamp:1)
  An emperor scorpion (Spider:4)
  A stone giant (Vaults:5)
  An entropy weaver (shapeshifter) (Depths:4)
  2 entropy weavers
  A deep elf demonologist (Depths:3)
  An eidolon (Crypt:1)
  A vault guard (Vaults:5)
  A hydra (Lair:6)
  A queen ant (D:10)
  A death yak (Lair:6)
  2 alligators (Swamp:3)
  A spriggan berserker (Swamp:4)
  2 skeletal warriors
  Nergalle (D:9)
  2 spriggans (Swamp:3)
  A deep troll (Depths:2)
  3 swamp dragons (Swamp:4)
  A deep elf archer (Vaults:1)
  An ironbrand convoker (Vaults:3)
  A lindwurm (Lair:6)
  An anaconda skeleton (Volcano)
  3 deep elf magi
  A manticore (Lair:6)
  2 spiny frogs
  2 gargoyles (Volcano)
  A yaktaur zombie (Vaults:5)
  3 freezing wraiths (IceCv)
  2 demonic crawlers (Spider:4)
  2 meliai (D:15)
  5 jumping spiders
  A hydra zombie (Crypt:1)
  7 slime creatures
  A bog body (Swamp:1)
  3 hornets
  3 flying skulls (Crypt:1)
  4 redbacks
  2 tarantellas (Vaults:3)
  2 vampire mosquitoes (Swamp:1)
  A soldier ant (D:10)
  A swamp drake (Swamp:4)
  An ice beast (D:8)
  An ogre (Vaults:1)
  A human zombie (Vaults:3)
  2 wights (D:10)
  An iron imp (Depths:3)
  A spriggan simulacrum (IceCv)
  A troll simulacrum (IceCv)
  5 white imps (IceCv)
  A starspawn tentacle (Depths:3)
96 creatures vanquished.

Vanquished Creatures (others)
  Asterion (Vaults:2)
  A fire giant (Depths:5)
  A deep elf archer (Vaults:3)
  A necromancer (Crypt:3)
  3 slime creatures (Swamp:1)
  A bullfrog (D:14)
  An orc wizard (D:11)
  An orc (D:14)
  A fungus (Lair:6)
  10 plants
  5 starspawn tentacles
26 creatures vanquished.

Grand Total: 2117 creatures vanquished

Notes
Turn   | Place    | Note
-------+----------+-------------------------------------------
     0 | D:1      | Jerry the Troll Berserker began the quest for the Orb.
     0 | D:1      | Reached XP level 1. HP: 22/22 MP: 0/0
   233 | D:1      | Reached XP level 2. HP: 29/29 MP: 1/1
   724 | D:1      | Reached skill level 3 in Maces & Flails
   863 | D:2      | Reached skill level 1 in Armour
   863 | D:2      | Reached XP level 3. HP: 27/36 MP: 2/2
   918 | D:2      | Found a glowing golden altar of the Shining One.
  1098 | D:2      | Reached ** piety under Trog
  1180 | D:2      | Reached XP level 4. HP: 22/44 MP: 3/3
  1978 | D:3      | Found a snail-covered altar of Cheibriados.
  2046 | D:3      | Reached XP level 5. HP: 23/53 MP: 4/4
  2247 | D:3      | Noticed Natasha
  2261 | D:3      | Killed Natasha
  2261 | D:3      | Reached XP level 6. HP: 53/61 MP: 5/5
  2493 | D:3      | Found a shattered altar of Ashenzari.
  2608 | D:3      | Noticed Natasha
  2622 | D:3      | Killed Natasha
  2658 | D:3      | Found an ornate altar of the Wu Jian Council.
  2767 | D:3      | Reached skill level 4 in Maces & Flails
  2873 | D:3      | Noticed Ijyb
  2912 | D:3      | Killed Ijyb
  3259 | D:3      | Noticed Natasha
  3269 | D:3      | Killed Natasha
  3414 | D:4      | Reached XP level 7. HP: 68/68 MP: 6/6
  3566 | D:4      | Reached *** piety under Trog
  3781 | D:4      | Got a pitted whip
  3788 | D:4      | Identified the +7 whip of Qitypho {freeze, Dex+3 Stlth+}
                  | (You found it on level 4 of the Dungeon)
  3823 | D:4      | Found Feppobru's Magic Scroll Shop.
  3826 | D:4      | Bought a scroll of magic mapping for 42 gold pieces
  3826 | D:4      | Bought a scroll of teleportation for 36 gold pieces
  3826 | D:4      | Bought a scroll of identify for 24 gold pieces
  4028 | D:5      | Entered Level 5 of the Dungeon
  4308 | D:5      | Reached skill level 5 in Maces & Flails
  4441 | D:6      | Reached XP level 8. HP: 79/79 MP: 7/7
  4675 | D:6      | Found a runed translucent door.
  4676 | D:6      | Noticed ANON1729's ghost (amateur DsMo)
  5031 | D:6      | Reached skill level 5 in Fighting
  5031 | D:6      | Reached skill level 5 in Dodging
  5061 | D:6      | Reached **** piety under Trog
  5100 | D:6      | Found a staircase to the Ecumenical Temple.
  5101 | D:6      | Noticed Sigmund
  5113 | D:6      | Killed Sigmund
  5518 | D:7      | Reached skill level 6 in Maces & Flails
  5540 | D:7      | Reached XP level 9. HP: 88/88 MP: 8/8
  5691 | D:7      | Noticed Joseph
  5705 | D:7      | Killed Joseph
  5705 | D:7      | Reached skill level 5 in Armour
  6346 | D:8      | Noticed a queen bee
  6411 | D:8      | Reached skill level 7 in Maces & Flails
  6578 | D:8      | Killed a queen bee
  6578 | D:8      | Reached XP level 10. HP: 100/100 MP: 9/9
  7177 | D:9      | Found a shimmering altar of Xom.
  7245 | D:9      | Found a glowing silver altar of Zin.
  7280 | D:9      | Noticed Erica
  7293 | D:9      | Killed Erica
  7309 | D:9      | Found a stormy altar of Qazlal.
  7701 | D:9      | Found a sparkling altar of Nemelex Xobeh.
  7876 | D:9      | Found a basalt altar of Yredelemnul.
  7971 | D:9      | Found a staircase to the Orcish Mines.
  8069 | D:10     | Entered Level 10 of the Dungeon
  8179 | D:10     | Noticed a queen ant
  8186 | D:10     | Noticed Nergalle
  8189 | D:10     | Killed a queen ant
  8189 | D:10     | Reached skill level 8 in Maces & Flails
  8221 | D:9      | Killed Nergalle
  8652 | D:10     | Reached XP level 11. HP: 103/109 MP: 10/10
  9451 | D:10     | Reached ***** piety under Trog
 10158 | D:11     | Noticed a skeletal warrior
 10164 | D:11     | Noticed a skeletal warrior
 10260 | Orc:1    | Entered Level 1 of the Orcish Mines
 10267 | Orc:1    | Noticed an orc knight
 10269 | Orc:1    | Reached skill level 9 in Maces & Flails
 10287 | Orc:1    | Killed an orc knight
 10598 | Orc:1    | Found Niqe's Gadget Emporium.
 10598 | Orc:1    | Noticed an orc knight
 10702 | Orc:1    | Killed an orc knight
 10853 | Orc:1    | Found a frozen archway.
 10918 | IceCv    | Entered an ice cave
 11405 | IceCv    | Reached XP level 12. HP: 122/122 MP: 11/11
 11477 | IceCv    | Found an ancient bone altar of Kikubaaqudgha.
 12486 | Orc:1    | Noticed an ettin
 12516 | Orc:1    | Killed an ettin
 12853 | Orc:2    | Entered Level 2 of the Orcish Mines
 12955 | Orc:2    | Reached skill level 10 in Maces & Flails
 13244 | Orc:2    | Noticed an orc high priest
 13450 | Orc:2    | Killed an orc high priest
 13460 | Orc:2    | Noticed an orc high priest
 13523 | Orc:1    | Killed an orc high priest
 13585 | Orc:1    | Received a gift from Trog
 13781 | Orc:2    | Found a staircase to the Elven Halls.
 13838 | Orc:2    | Noticed an orc high priest
 13850 | Orc:2    | Killed an orc high priest
 14112 | Orc:2    | Found Osuxeani's Armour Boutique.
 14112 | Orc:2    | Found Nuitoif's Distillery.
 14113 | Orc:2    | Found Nipleof's Armour Shop.
 14143 | Orc:2    | Found Madgh's Antique Armour Boutique.
 14151 | Orc:2    | Bought the +3 crown of Dyrovepreva {rElec Int+2 SInv} for
                  | 496 gold pieces
 14151 | Orc:2    | Found the +3 crown of Dyrovepreva {rElec Int+2 SInv}
 14157 | Orc:2    | Bought a slimy cloak for 266 gold pieces
 14157 | Orc:2    | Identified the -3 cloak of Starshine {Str-3 Int+4 Dex+6}
                  | (You bought it in a shop on level 2 of the Orcish Mines)
 14221 | Orc:2    | Noticed an orc high priest
 14235 | Orc:2    | Killed an orc high priest
 14735 | D:11     | Reached XP level 13. HP: 38/131 MP: 12/12
 14881 | D:11     | Reached skill level 11 in Maces & Flails
 15214 | D:11     | Found Acadev's Assorted Antiques.
 15215 | D:11     | Found a staircase to the Lair.
 15297 | D:11     | Noticed Urug
 15315 | D:11     | Killed Urug
 15649 | D:11     | Bought a scroll labeled NANUHU LOLIOCE for 24 gold pieces
 15933 | D:12     | Noticed Jorgrun
 15943 | D:12     | Killed Jorgrun
 16110 | D:12     | Reached skill level 10 in Armour
 16898 | Lair:1   | Entered Level 1 of the Lair of Beasts
 16927 | D:11     | Reached skill level 12 in Maces & Flails
 17115 | Lair:1   | Found a dark tunnel.
 17126 | Volcano  | Entered a volcano
 17631 | Lair:1   | Reached skill level 10 in Fighting
 18286 | Lair:2   | Received a gift from Trog
 18779 | Lair:3   | Found a hole to the Spider Nest.
 18916 | Lair:3   | Found a hide-covered altar of Uskayaw.
 19295 | Lair:3   | Reached XP level 14. HP: 99/143 MP: 13/13
 19444 | Lair:3   | Found a staircase to the Swamp.
 20128 | Lair:4   | Reached skill level 13 in Maces & Flails
 20338 | Lair:4   | Noticed Rupert
 20360 | Lair:4   | Killed Rupert
 21316 | Lair:5   | Reached skill level 14 in Maces & Flails
 21547 | Lair:5   | Reached skill level 10 in Dodging
 21795 | Lair:6   | Entered Level 6 of the Lair of Beasts
 22363 | Lair:6   | Found a runed translucent door.
 22711 | Lair:6   | HP: 1/143 [lindwurm (10)]
 22979 | Lair:6   | Found a staircase to the Slime Pits.
 22979 | Lair:6   | Found a viscous altar of Jiyva.
 23055 | Lair:6   | Reached skill level 15 in Maces & Flails
 23459 | Lair:6   | Reached XP level 15. HP: 149/149 MP: 14/14
 23716 | Lair:6   | Received a gift from Trog
 25226 | D:14     | Found Fyefod's Distillery.
 25237 | D:14     | Noticed Nessos
 25277 | D:14     | Reached skill level 16 in Maces & Flails
 25286 | D:14     | Killed Nessos
 25527 | D:14     | Found a gate to the Vaults.
 25562 | D:14     | Received a gift from Trog
 26327 | D:15     | Entered Level 15 of the Dungeon
 26365 | D:15     | Found a staircase to the Depths.
 26365 | D:15     | Noticed a fire giant
 26488 | D:15     | Killed a fire giant
 27450 | Swamp:1  | Entered Level 1 of the Swamp
 27469 | Swamp:1  | Noticed Louise
 27641 | Swamp:1  | Killed Louise
 27698 | Lair:3   | HP: 1/149 [alligator (20)]
 27969 | Swamp:1  | Reached skill level 17 in Maces & Flails
 28019 | Swamp:1  | Reached XP level 16. HP: 149/158 MP: 5/15
 28551 | Swamp:1  | Received a gift from Trog
 29146 | Swamp:2  | Identified a scroll of acquirement
 29234 | Swamp:2  | Noticed a thorn hunter
 29244 | Swamp:2  | Killed a thorn hunter
 29245 | Swamp:2  | Noticed a tentacled monstrosity
 29259 | Swamp:2  | Killed a tentacled monstrosity
 29746 | Swamp:3  | Noticed a thorn hunter
 29753 | Swamp:3  | Killed a thorn hunter
 30066 | Swamp:3  | Reached skill level 18 in Maces & Flails
 30824 | Swamp:4  | Entered Level 4 of the Swamp
 30844 | Swamp:4  | Noticed a thorn hunter
 30856 | Swamp:4  | Killed a thorn hunter
 31133 | Swamp:4  | Noticed a thorn hunter
 31145 | Swamp:4  | Killed a thorn hunter
 31900 | Swamp:4  | Got a decaying rune of Zot
 32200 | Spider:1 | Entered Level 1 of the Spider Nest
 32204 | Spider:1 | Reached XP level 17. HP: 166/166 MP: 5/16
 32426 | Spider:1 | Reached skill level 19 in Maces & Flails
 32540 | Spider:1 | Received a gift from Trog
 33507 | Spider:2 | Paralysed by a hornet for 3 turns
 33554 | Spider:2 | Found the +7 great mace "Firestarter" {inner flame, rF++}
 33930 | Spider:2 | Noticed Donald
 33942 | Spider:2 | Killed Donald
 34620 | Spider:3 | Noticed Bai Suzhen
 34637 | Spider:3 | Killed Bai Suzhen
 35567 | Spider:3 | Noticed Mara
 35591 | Spider:3 | Noticed Jerry's illusion
 35779 | Spider:3 | Noticed Arachne
 35809 | Spider:3 | Killed Arachne
 35852 | Spider:3 | Killed Mara
 36058 | Spider:4 | Entered Level 4 of the Spider Nest
 36091 | Spider:3 | Reached skill level 20 in Maces & Flails
 36498 | Spider:3 | Reached skill level 1 in Throwing
 36758 | Spider:4 | Noticed Agnes
 36769 | Spider:4 | Killed Agnes
 37271 | Spider:4 | Reached XP level 18. HP: 146/175 MP: 5/17
 38311 | Spider:4 | Got a gossamer rune of Zot
 38697 | Vaults:1 | Entered Level 1 of the Vaults
 38939 | Vaults:1 | Received a gift from Trog
 39916 | Vaults:1 | Found Gogeejubbe's Assorted Antiques.
 39980 | Vaults:1 | Reached skill level 5 in Throwing
 40756 | Vaults:2 | Reached skill level 21 in Maces & Flails
 41209 | Vaults:1 | Received a gift from Trog
 41312 | Vaults:2 | Noticed Asterion
 41326 | Vaults:2 | Killed Asterion
 41351 | Vaults:1 | HP: 8/175 [poison (poison gas)]
 41356 | Vaults:1 | HP: 7/175 [poison (poison gas)]
 41361 | Vaults:1 | HP: 7/175 [poison (poison gas)]
 41366 | Vaults:1 | HP: 8/175 [poison (poison gas)]
 41693 | Vaults:1 | Reached XP level 19. HP: 180/182 MP: 18/18
 41861 | Vaults:2 | Received a gift from Trog
 42147 | Vaults:2 | Reached skill level 22 in Maces & Flails
 42442 | Vaults:2 | Paralysed by a hornet for 3 turns
 42581 | Vaults:2 | Got a warped tin ring
 42582 | Vaults:2 | Identified the ring of Doxineib {Wiz rF+ Int+4 Dex-2} (You
                  | found it on level 2 of the Vaults)
 43566 | Vaults:3 | Received a gift from Trog
 43827 | Vaults:3 | Found a staircase to the Crypt.
 43913 | Vaults:3 | Noticed Sojobo
 43940 | Vaults:3 | Killed Sojobo
 43944 | Vaults:3 | Reached XP level 20. HP: 71/196 MP: 19/19
 44542 | Vaults:3 | Received a gift from Trog
 45919 | Vaults:4 | Noticed Mennas
 45935 | Vaults:4 | Killed Mennas
 46276 | Vaults:4 | Received a gift from Trog
 46719 | Vaults:4 | Found a portal to a secret trove of treasure.
 46892 | Vaults:4 | Got a scorched dire flail {god gift}
 46894 | Vaults:4 | Identified the +9 dire flail "Goblinbane" {antimagic,
                  | +Blink} (Trog gifted it to you on level 4 of the Vaults)
 46987 | Crypt:1  | Entered Level 1 of the Crypt
 47970 | Depths:1 | Entered Level 1 of the Depths
 48151 | D:15     | Reached skill level 15 in Armour
 48179 | Depths:1 | Paralysed by a lich for 3 turns
 48187 | D:15     | Received a gift from Trog
 48724 | Depths:1 | You fall through a shaft!
 48803 | Depths:2 | Reached XP level 21. HP: 208/208 MP: 20/20
 48933 | Depths:1 | Found a runed translucent door.
 49046 | Depths:1 | Found a gateway to Hell.
 49595 | Depths:2 | Reached ****** piety under Trog
 49635 | Depths:2 | Received a gift from Trog
 49775 | Depths:2 | Paralysed by a vampire knight for 5 turns
 49923 | Depths:2 | Paralysed by a vampire knight for 2 turns
 49927 | Depths:2 | Received a gift from Trog
 49981 | Depths:2 | Found a gateway to a ziggurat.
 50715 | Depths:2 | Received a gift from Trog
 51188 | Depths:3 | Found a one-way gate leading to the halls of Pandemonium.
 51569 | Depths:3 | Received a gift from Trog
 51756 | Depths:3 | Found a one-way gate to the infinite horrors of the Abyss.
 51931 | Depths:3 | Cast into level 2 of the Abyss (a deep elf demonologist)
 51931 | Abyss:2  | Found a corrupted altar of Lugonu.
 51953 | Abyss:2  | Found a corrupted altar of Lugonu.
 52145 | Abyss:3  | Reached skill level 15 in Dodging
 52202 | Abyss:3  | Noticed a profane servitor
 52233 | Abyss:4  | Found a runed translucent door.
 52255 | Abyss:4  | Reached XP level 22. HP: 183/222 MP: 16/21
 52350 | Depths:3 | Escaped the Abyss
 52531 | Depths:3 | Got a translucent giant spiked club {god gift}
 52546 | Depths:3 | Received a gift from Trog
 52556 | Depths:3 | Identified the +7 giant spiked club "Zaupu" {crush, -Tele
                  | rC++ Int+5} (Trog gifted it to you on level 3 of the
                  | Depths)
 53000 | Depths:3 | Noticed a golden dragon
 53034 | Depths:3 | Killed a golden dragon
 53108 | Depths:3 | Identified the +10 ring mail "Jicogaal" {Str+4 Int+4}
 53446 | Depths:4 | Noticed a golden dragon
 53490 | Depths:4 | Found Naucim's Antique Weapon Boutique.
 53647 | Depths:4 | Received a gift from Trog
 53681 | Depths:4 | Got an ivory giant spiked club {god gift}
 53690 | Depths:4 | Identified the +7 giant spiked club of Cruel Justice
                  | {flame, rF+ Int+3 Dex+7} (Trog gifted it to you on level 4
                  | of the Depths)
 53818 | Depths:4 | Noticed a golden dragon
 53823 | Depths:4 | Killed a golden dragon
 54002 | Depths:4 | Found an opulent altar of Gozag.
 54139 | Depths:4 | Found the amulet of the Air {Inacc +Fly rElec EV+5 RMsl}
 54187 | Depths:4 | Found a corrupted altar of Lugonu.
 54555 | Depths:4 | Killed a golden dragon
 54947 | Vaults:4 | You paid a toll of +2 gold dragon scales to enter a
                  | treasure trove
 54948 | Trove    | Entered a treasure trove
 54956 | Trove    | Got a faintly glowing amber ring
 54958 | Trove    | Got a slimy granite ring
 54962 | Trove    | Got a scintillating marble ring
 55001 | Trove    | Got a faintly glowing emerald amulet
 55003 | Trove    | Got a glittering tin ring
 55007 | Trove    | Got a coiled bone ring
 55014 | Trove    | Got a flickering ruby amulet
 55018 | Trove    | Identified the amulet of Supsutie {+Rage rElec Str+4} (You
                  | found it in a treasure trove)
 55019 | Trove    | Identified the amulet of Xetryil {Faith Str+4} (You found
                  | it in a treasure trove)
 55085 | Vaults:4 | Identified the ring "Soka" {rC+ MR+} (You found it in a
                  | treasure trove)
 55087 | Vaults:4 | Identified the ring of the Cockatrice {MP+9 Dex+4} (You
                  | found it in a treasure trove)
 55089 | Vaults:4 | Identified the ring "Ohijut" {rPois rC+++ MR+ Str-3 Int+2}
                  | (You found it in a treasure trove)
 55091 | Vaults:4 | Identified the ring of Yreo {rCorr rN+ Dex+5} (You found it
                  | in a treasure trove)
 55093 | Vaults:4 | Identified the ring "Ryngin" {*Contam *Slow rPois MR+
                  | Slay+5} (You found it in a treasure trove)
 55507 | Depths:5 | Entered Level 5 of the Depths
 55674 | Depths:5 | Noticed a juggernaut
 55675 | Depths:5 | Gained mutation: Your magical capacity is low. (-10% MP) [a
                  | shining eye]
 55684 | Depths:5 | Killed a juggernaut
 55776 | Depths:5 | Reached skill level 15 in Fighting
 55981 | Depths:5 | Noticed a golden dragon
 56017 | Depths:5 | Killed a golden dragon
 56031 | Depths:5 | Received a gift from Trog
 56164 | Depths:5 | Found a gate to the Realm of Zot.
 56286 | Depths:5 | Noticed a juggernaut
 56291 | Depths:5 | Killed a juggernaut
 56291 | Depths:5 | Reached XP level 23. HP: 236/236 MP: 19/19
 56310 | Depths:5 | Noticed a juggernaut
 56323 | Depths:5 | Killed a juggernaut
 57063 | Crypt:1  | Reached skill level 1 in Stealth
 57368 | Crypt:2  | Received a gift from Trog
 58093 | Crypt:3  | Entered Level 3 of the Crypt
 58112 | Crypt:3  | Received a gift from Trog
 58345 | Crypt:3  | Noticed Margery
 58359 | Crypt:3  | Killed Margery
 58374 | Crypt:3  | Paralysed by a vampire knight for 5 turns
 58723 | Crypt:3  | Found a staircase to the Tomb.
 58826 | Crypt:3  | Received a gift from Trog
 59024 | Crypt:3  | Received a gift from Trog
 59187 | Crypt:3  | Found an ancient bone altar of Kikubaaqudgha.
 59190 | Crypt:3  | Found a basalt altar of Yredelemnul.
 59254 | Crypt:3  | Found the +3 sling "Punk" {acid, rCorr}
 59297 | Crypt:3  | Identified the Tome of a Hundred Tales
 59331 | Crypt:3  | Got a polished flail
 59332 | Crypt:3  | Identified the +8 flail "Tirrekke" {drain, rF+} (You found
                  | it on level 3 of the Crypt)
 59560 | Vaults:5 | Entered Level 5 of the Vaults
 59565 | Vaults:5 | Reached XP level 24. HP: 223/248 MP: 19/19
 59619 | Vaults:5 | Reached skill level 5 in Stealth
 59789 | Vaults:5 | Received a gift from Trog
 60080 | Vaults:5 | Received a gift from Trog
 60246 | Vaults:5 | Received a gift from Trog
 60273 | Vaults:5 | Demolished by an ettin

Skill      XL: |  1  2  3  4  5  6  7  8  9 10 11 12 13 14 15 16 17 18 19 20 21 22 23 24 |
---------------+-------------------------------------------------------------------------+-----
Maces & Flails | 3 4 5 6 7 8 9 10 12 15 17 18 20 21 22 | 22.2
Armour         | 1 2 3 4 5 7 8 9 10 11 12 13 14 15 16 17 18 | 18.9
Dodging        | 3 4 5 6 7 8 9 10 12 13 15 | 15.5
Fighting       | 3 4 5 6 7 8 9 10 11 12 13 15 16 17 | 17.2
Throwing       | 2 5 |  5.2
Stealth        | 4 6 |  6.2

Action                   |  1- 3 |  4- 6 |  7- 9 | 10-12 | 13-15 | 16-18 | 19-21 | 22-24 || total
-------------------------+-------+-------+-------+-------+-------+-------+-------+-------++-------
Melee: Mace              |    18 |       |       |       |       |       |       |       ||    18
       Whip              |   112 |   301 |   415 |  1226 |  1427 |       |       |       ||  3481
       Great mace        |       |       |       |       |   557 |  1201 |   258 |       ||  2016
       Giant spiked club |       |       |       |       |       |   334 |  1003 |  1183 ||  2520
       Dire flail        |       |       |       |       |       |       |   190 |       ||   190
Throw: Throwing net      |       |     2 |       |     2 |       |       |       |       ||     4
       Large rock        |       |       |       |     1 |     3 |    30 |     6 |       ||    40
Invok: Berserk           |       |     6 |     5 |    17 |     4 |       |     4 |       ||    36
       Trog's Hand       |       |     3 |     6 |    18 |     9 |     6 |     6 |     4 ||    52
       Brothers in Arms  |       |       |     1 |     7 |    11 |    22 |     7 |     5 ||    53
 Abil: Evoke Blink       |       |       |       |       |       |       |     3 |       ||     3
Evoke: Wand              |       |       |     1 |       |       |       |       |       ||     1
  Use: Scroll            |       |    10 |     9 |    10 |    11 |    22 |    11 |    18 ||    91
       Potion            |       |       |       |     3 |     6 |    11 |    10 |    11 ||    41
 Stab: Sleeping          |     1 |     2 |     7 |     6 |     9 |       |     2 |       ||    27
       Held in net/web   |       |     1 |       |       |       |       |       |       ||     1
       Distracted        |       |       |     1 |       |     3 |     7 |     3 |     3 ||    17
       Invisible         |       |       |       |     1 |       |       |       |     1 ||     2
       Petrified         |       |       |       |       |     3 |       |       |       ||     3
  Eat: Chunk             |    16 |    27 |    37 |    86 |   139 |   119 |    95 |    62 ||   581
       Ration            |       |       |       |     4 |       |     5 |     1 |     7 ||    17
Armor: Animal skin       |    52 |   110 |    54 |       |       |       |       |       ||   216
       Robe              |       |       |    45 |   115 |    13 |       |       |       ||   173
       Troll leather arm |       |       |       |    64 |   416 |   110 |       |       ||   590
       Fire dragon scale |       |       |       |       |     1 |   141 |   225 |    19 ||   386
       Swamp dragon scal |       |       |       |       |       |   689 |       |       ||   689
       Shadow dragon sca |       |       |       |       |       |       |   521 |    64 ||   585
       Skin              |       |       |       |       |       |       |     3 |       ||     3
       Gold dragon scale |       |       |       |       |       |       |       |   628 ||   628
Dodge: Dodged            |    59 |   158 |   316 |   776 |  1578 |  1726 |  1101 |  1081 ||  6795
